 Dungeon Crawl Stone Soup version bcrawl-1.19.2-6-g6a88ae04c9 (webtiles) character file.

Game seed: 17694039124942819277

182 Mrkan the Shield-Bearer (level 5, -11/33 HPs)
             Began as a Gargoyle Fighter on Dec 31, 2019.
             Killed by divine providence
             ... invoked by an orc priest
              (13 damage)
             ... on level 3 of the Dungeon.
             The game lasted 00:02:12 (1486 turns).

Mrkan the Shield-Bearer (Gargoyle Fighter)          Turns: 1486, Time: 00:02:12

Health: -11/33     AC: 11    Str: 20    XL:     5   Next: 61%
Magic:  5/5        EV:  7    Int:  8    God:
Gold:   93         SH:  9    Dex: 10    Spells: 4/4 levels left

rFire    . . .     SeeInvis .   a - +0 flail
rCold    . . .     Gourm    .   c - +0 shield
rNeg     + . .     Faith    .   b - +0 scale mail
rPois    ∞         Spirit   .   (no helmet)
rElec    +         Reflect  .   (no cloak)
rCorr    .         Harm     .   (no gloves)
MR       .....                  (no boots)
Stlth    ..........             (no amulet)
HPRegen  0.11/turn              (no ring)
MPRegen  0.09/turn              (no ring)

@: no status effects
A: negative energy resistance 1, electricity resistance, unbreathing,
petrification resistance, rot immunity, AC +4
a: no special abilities


You were on level 3 of the Dungeon.
You were not hungry.

You visited 1 branch of the dungeon, and saw 3 of its levels.

You collected 93 gold pieces.

Inventory:

Hand Weapons
 a - a +0 flail (weapon)
Armour
 b - a +0 scale mail (worn)
 c - a +0 shield (worn)
Jewellery
 i - a cursed ring of teleportation {unknown}
Scrolls
 e - 2 scrolls of enchant weapon {unknown}
 h - 2 scrolls of amnesia {unknown}
 j - 7 scrolls of identify {unknown}
 k - 2 scrolls of teleportation {unknown}
 n - a scroll of blinking {unknown}
 p - a scroll of magic mapping {unknown}
 q - a scroll of remove curse {unknown}
Potions
 d - a potion of might
 g - a potion of cancellation {unknown}
 l - a potion of berserk rage {unknown}
 m - a potion of ambrosia {unknown}
 r - a potion of flight {unknown}
 s - a potion of curing {unknown}
 t - a potion of agility
Comestibles
 f - 3 rations {!d}
 o - a chunk of flesh


   Skills:
 + Level 4.1 Fighting
 * Level 3.8 Maces & Flails
 + Level 4.1 Armour
 + Level 4.2 Shields


You had 4 spell levels left.
You didn't know any spells.
Your spell library was empty.

Dungeon Overview and Level Annotations

Branches:
Dungeon (3/12)

Altars:


Innate Abilities, Weirdness & Mutations

You are resistant to torment.
Your stone body is resilient. (AC +4)
You are immune to poison.
You resist negative energy. (rN+)
You are resistant to electric shocks. (rElec)
You can survive without breathing.
You are immune to petrification.
You are immune to rotting.


Message History

You closely miss the adder.
The adder is almost dead.
The adder bites you but does no damage. The orc hits you but does no damage.
You barely miss the adder.
The adder is almost dead.
The adder barely misses you. The orc hits you but does no damage. x2
You block the orc's attack. You block the adder's attack.
You closely miss the adder.
The adder is almost dead.
You block the adder's attack. The orc barely misses you.
The orc hits you with a +0 club.
* * * LOW HITPOINT WARNING * * *
The orc closely misses you.
You sock the adder!
You kill the adder!
The orc hits you but does no damage. x2; The orc hits you with a +0 mace.
* * * LOW HITPOINT WARNING * * *
The orc priest calls down the wrath of Beogh upon you.
Beogh smites you!
You die...

#÷......##.......####
#....................
#..............).....
##.....ho............
#..#...o.o..%.......
#...#+#####.........
#.#h# #......... #.#h#
#.....?... #.#@#
#.........
#....ooo.o......##.....
#.....#h........# ...##
....... .........# ...#
..#..#. ....... . #....
#...... ## .. >.....
..# ......


You could see an orc priest, 3 orcs and 3 jackals.

Vanquished Creatures
  A sky beast (D:2)
  An iguana (D:3)
  An adder (D:3)
  A dart slug (D:1)
  3 leopard geckos
  2 orcs (D:3)
  3 giant cockroaches (D:2)
  5 goblins
  6 hobgoblins
  4 jackals (D:2)
  A quokka (D:2)
  3 bats
  6 frilled lizards
  5 kobolds
  9 rats
51 creatures vanquished.

Notes
Turn   | Place    | Note
-------+----------+-------------------------------------------
     0 | D:1      | Mrkan the Gargoyle Fighter began the quest for the Orb.
     0 | D:1      | Reached XP level 1. HP: 14/14 MP: 1/1
     7 | D:1      | Noticed an anaconda
     8 | D:1      | Noticed a four-headed hydra
     8 | D:1      | Noticed a lindwurm
    81 | D:1      | Reached XP level 2. HP: 11/19 MP: 2/2
   754 | D:2      | Reached XP level 3. HP: 23/23 MP: 3/3
   755 | D:2      | Noticed a sky beast
   778 | D:2      | Killed a sky beast
   778 | D:2      | Reached XP level 4. HP: 17/29 MP: 4/4
   895 | D:2      | Reached XP level 5. HP: 32/33 MP: 5/5
  1486 | D:3      | Killed from afar by an orc priest

Skill      XL: |  1  2  3 |
---------------+----------+-----
Fighting       | 4 |  4.1
Maces & Flails | 3 |  3.8
Armour         | 4 |  4.1
Shields        | 4 |  4.2

Action                   |  1- 3 |  4- 6 || total
-------------------------+-------+-------++-------
Melee: Flail             |    92 |   112 ||   204
  Eat: Chunk             |       |     2 ||     2
Armor: Scale mail        |    61 |    86 ||   147
Dodge: Dodged            |    29 |    58 ||    87
Block: Shield            |    48 |   101 ||   149
